 Dungeon Crawl Stone Soup version 0.27-a0-1559-g299f9947c5 (webtiles) character file.

Game seed: 9707974525768829342

91 HAL9000 the Sneak (level 4, -3/23 HPs)
             Began as a Vine Stalker Brigand on July 16, 2021.
             Slain by a gnoll (5 damage)
             ... on level 3 of the Dungeon.
             The game lasted 00:02:21 (2121 turns).

HAL9000 the Sneak (Vine Stalker Brigand)            Turns: 2121, Time: 00:02:21

Health: -3/23      AC:  3    Str: 13    XL:     4   Next: 57%
Magic:  0/5        EV: 12    Int: 12    God:
Gold:   136        SH:  0    Dex: 22    Spells: 3/3 levels left

rFire    . . .     SeeInvis .   a - +2 dagger
rCold    . . .     Faith    .   (no shield)
rNeg     . . .     Spirit   +   b - +0 robe
rPois    .         Reflect  .   (no helmet)
rElec    .         Harm     .   (no cloak)
rCorr    .         Rampage  .   (no gloves)
Will     .....                  o - +0 pair of boots
Stlth    ++++......             (no amulet)
HPRegen  1.07/turn              f - +6 ring of dexterity
MPRegen  0.09/turn              (no ring)

@: no status effects
A: fangs 2, regeneration 1, magic shield, antimagic bite, no potion heal 2
a: no special abilities


You were on level 3 of the Dungeon.
You visited 1 branch of the dungeon, and saw 3 of its levels.

You collected 136 gold pieces.

Inventory:

Hand Weapons
 a - a +2 dagger (weapon)
Missiles
 d - 8 poisoned darts (quivered)
 e - 2 curare-tipped darts
Armour
 b - a +0 robe (worn)
 c - a +0 cloak
 j - a scarf of shadows
 o - a +0 pair of boots (worn)
Jewellery
 f - a +6 ring of dexterity (left hand)
Scrolls
 h - a scroll of silence {unknown}
 k - 2 scrolls of immolation {unknown}
 l - a scroll of identify {unknown}
 n - a scroll of blinking {unknown}
 p - a scroll of vulnerability {unknown}
Potions
 g - a potion of resistance {unknown}
 i - 2 potions of curing {unknown}
 m - a potion of cancellation {unknown}


   Skills:
 - Level 1.7 Fighting
 - Level 1.7 Short Blades
 + Level 3.4 Throwing
 - Level 0.7 Dodging
 - Level 6.0 Stealth


You had 3 spell levels left.
You didn't know any spells.
Your spell library was empty.

Dungeon Overview and Level Annotations

Branches:
Dungeon (3/15)

Altars:


Innate Abilities, Weirdness & Mutations

You have extremely sharp teeth.
Your natural rate of healing is unusually fast.
When hurt, damage is shared between your health and your magic reserves.
Your bite disrupts and absorbs the magic of your enemies.
Potions cannot restore your health.


Message History

You feel invigorated.
The gnoll is severely wounded.
The gnoll hits you with a +0 flail.
You hit the gnoll. You bite the gnoll.
You kill the gnoll!
d - 7 poisoned darts (gained 1)
You see here a +0 flail.
You start resting.
Magic restored.
HP restored.
d - 8 poisoned darts (gained 1) Done exploring.
There is a stone staircase leading down here.
You climb downwards.
The gnoll hits you with a +1 flail of pain!
The gnoll hits you with a +1 flail of pain.
There is a stone staircase leading up here.
Unknown command.
You hit the gnoll. Your bite misses the gnoll.
The gnoll is moderately wounded.
The gnoll hits you with a +1 flail of pain.
You hit the gnoll.
The gnoll is heavily wounded.
The gnoll barely misses you.
You barely miss the gnoll. Your bite misses the gnoll.
The gnoll is heavily wounded.
The gnoll closely misses you.
You hit the gnoll but do no damage.
The gnoll is heavily wounded.
The gnoll hits you with a +1 flail of pain.
You are too injured to fight recklessly!
You hit the gnoll. Your bite misses the gnoll.
The gnoll is severely wounded.
The gnoll hits you with a +1 flail of pain!
* * * LOW HITPOINT WARNING * * *
You hit the gnoll. You bite the gnoll. You drain its power.
You feel invigorated.
The gnoll is almost dead.
The gnoll hits you with a +1 flail of pain!
You die...

#####
#######....
###.?.....#
#......).#######
#.#.####........
#.####### #g#
#@# #.# #.# .#.
# #


You could see a gnoll.

Vanquished Creatures
  3 gnolls
  An adder (D:2)
  4 dart slugs
  4 ball pythons
  4 bats
  4 endoplasms (D:1)
  3 giant cockroaches
  4 goblins
  3 hobgoblins
  4 kobolds
  2 quokkas (D:1)
  4 frilled lizards
  4 rats
44 creatures vanquished.

Vanquished Creatures (others)
  13 plants (D:3)
13 creatures vanquished.

Grand Total: 57 creatures vanquished

Notes
Turn   | Place    | Note
-------+----------+-------------------------------------------
     0 | D:1      | HAL9000 the Vine Stalker Brigand began the quest for the
                  | Orb.
     0 | D:1      | Reached XP level 1. HP: 11/11 MP: 2/2
    76 | D:1      | Reached skill level 5 in Stealth
   184 | D:1      | Reached XP level 2. HP: 15/15 MP: 3/3
   567 | D:1      | Reached skill level 6 in Stealth
   607 | D:1      | Reached XP level 3. HP: 11/18 MP: 2/4
  1703 | D:2      | Gained mutation: Your natural rate of healing is unusually
                  | fast. [Vine Stalker growth]
  1703 | D:2      | Reached XP level 4. HP: 14/23 MP: 3/5
  2120 | D:3      | HP: 1/23 [gnoll (10)]
  2121 | D:3      | Slain by a gnoll

Illustrated notes

Levels and vault maps discovered:
D:1:      dpeg_arrival_solitude, layout_basic, roderic_st_hans_cross
D:2:      layout_basic, corexii_shack
D:3:      layout_loops_ring, kennysheep_vampire_church, serial_shops, shop,
          dilly_ecumenical_altar_fadedgnrine, minmay_diced_spiral, uniq_robin,
          uniq_jessica

Skill      XL: |  1  2  3  4 |
---------------+-------------+-----
Stealth        | 5 6 |  6.0
Throwing       | 2 3 |  3.4
Fighting       | |  1.7
Short Blades   | |  1.7
Dodging        | |  0.7

Action                   |  1- 3 |  4- 6 || total
-------------------------+-------+-------++-------
Melee: Dagger            |    70 |    22 ||    92
       Bite              |    13 |     6 ||    19
Throw: Dart              |     4 |     5 ||     9
 Stab: Sleeping          |    15 |     1 ||    16
       Distracted        |     1 |       ||     1
Armor: Robe              |    10 |       ||    10
Dodge: Dodged            |    24 |    13 ||    37

Table legend: (Time is in decaauts)
 A = Elapsed time spent in this place.
 B = Non-inter-level travel time spent in this place.
 C = Inter-level travel time spent in this place.
 D = Time resting spent in this place.
 E = Time spent auto-exploring this place.
 F = Levels seen in this place.
 G = Mean time per level.
                   A        B        C        D        E       F      G
               +--------+--------+--------+--------+--------+-----+--------+
         Total |   2113 |   2030 |     83 |    126 |   1560 |   3 |  704.3 |
       Dungeon |   2113 |   2030 |     83 |    126 |   1560 |   3 |  704.3 |
               +--------+--------+--------+--------+--------+-----+--------+

Top non-repeatable levels by time:
     D:1: 1278 daAuts
     D:2: 813 daAuts
     D:3: 21 daAuts
